AoeStats
← SAFIRA

Black Forest

509775014Analyzed
4v4 RM · 5d ago on Sep 28, 2026· 71m 18s· 8 players
Game mode
Random Map
Map size
Large (8 player)
Population
200
Speed
Normal
Resources
Standard
Victory
Conquest
Starting age
Dark Age
Ending age
Imperial Age
RankedLock teamsTeams togetherTeam positionsShared explorationLock speedFull tech treeHidden civsTurbo modeCheats
Victory
Defeat
🇲🇽 Huns · Mexico
682
+24
🇲🇽 Britons · Mexico
677
+16
🇨🇦 Khmer · Canada
643
+18
🇮🇳 Teutons · India
637
+18
🇲🇽 Khmer · Mexico
728
-18
🇧🇷 Portuguese · Brazil
687
-17
🇧🇷 Sicilians · Brazil
673
-17
🇨🇳 Chinese · China
652
-16
Skay9275
12:25 Feudal Age
13:43 Double-Bit Axe
13:53 Gold Mining
13:47 Horse Collar
21:05 Castle Age
20:17 Stone Mining
29:54 Gold Shaft Mining
29:54 Stone Shaft Mining
29:23 Heavy Plow
29:36 Bow Saw
34:07 Imperial Age
34:19 Elite Battle Elephant
34:59 Husbandry
35:10 Bloodlines
37:00 Caravan
38:30 Crop Rotation
38:37 Wheelbarrow
39:09 Chemistry
38:30 Ballistics
38:01 Heated Shot
43:58 Heavy Scorpion
jafet.rdz.v
14:06 Feudal Age
12:38 Loom
21:48 Castle Age
21:55 Castle Age
20:12 Forging
20:01 Double-Bit Axe
20:03 Horse Collar
20:40 Fletching
23:02 Bow Saw
22:49 Crossbowman
23:34 Thumb Ring
24:29 Wheelbarrow
24:19 Gold Mining
29:58 Hand Cart
31:01 Thumb Ring
33:21 Iron Casting
32:42 Bodkin Arrow
35:17 Sanctity
34:58 Devotion
34:58 Atonement
35:09 Fervor
38:35 Scale Mail Armor
38:41 Scale Barding Armor
40:33 Gold Shaft Mining
41:23 Elite Skirmisher
42:08 Padded Archer Armor
43:05 Ballistics
42:57 Careening
48:01 Imperial Age
49:11 Illumination
50:14 Bracer
51:14 Blast Furnace
50:30 Leather Archer Armor
50:30 Chain Mail Armor
60:35 Pikeman
61:15 Squires
62:35 Town Watch
64:23 Halberdier
La Morte Noire
0:28 Loom
13:28 Feudal Age
17:48 Castle Age
18:42 Double-Bit Axe
19:37 Wheelbarrow
18:47 Horse Collar
23:03 Wheelbarrow
22:23 Horse Collar
23:21 Bow Saw
24:02 Heavy Plow
27:50 Gold Mining
28:16 Stone Mining
29:28 Gold Shaft Mining
33:17 Imperial Age
31:00 Fletching
31:10 Padded Archer Armor
32:40 Hand Cart
32:54 Bodkin Arrow
33:15 Leather Archer Armor
33:23 Ballistics
34:38 Conscription
35:22 Chemistry
34:28 Bracer
36:09 Ring Archer Armor
37:16 Yeomen
37:27 Elite Longbowman
40:24 Fortified Wall
40:25 Masonry
40:21 Siege Engineers
40:12 Murder Holes
41:40 Two-Man Saw
41:10 Warwolf
40:42 Sappers
42:16 Onager
47:08 Hoardings
49:30 Architecture
48:41 Treadmill Crane
hangover
1:02 Loom
11:18 Feudal Age
11:49 Horse Collar
11:58 Double-Bit Axe
23:37 Castle Age
23:57 Arson
23:32 Man-at-Arms
25:30 Heavy Plow
25:43 Bow Saw
25:17 Long Swordsman
25:42 Gambesons
28:11 Squires
29:27 Pikeman
41:32 Imperial Age
44:10 Chemistry
43:01 Heated Shot
43:31 Ballistics
43:20 Caravan
43:51 Coinage
43:36 Guilds
44:59 Heavy Scorpion
48:42 Halberdier
55:52 Capped Ram
56:00 Elite Teutonic Knight
61:06 Cavalier
63:04 Ironclad
63:59 Two-Man Saw
68:44 Paladin
Bizancio09
16:04 Feudal Age
19:01 Castle Age
17:00 Double-Bit Axe
18:07 Horse Collar
18:24 Stone Mining
18:31 Gold Mining
21:42 Wheelbarrow
22:08 Bow Saw
23:23 Fishing Lines
24:45 Hand Cart
27:43 Heavy Plow
28:23 Gold Shaft Mining
30:37 Gillnets
35:17 Imperial Age
33:21 Tusk Swords
34:52 Forging
34:50 Scale Barding Armor
34:36 Fletching
34:47 Padded Archer Armor
35:02 Elite Skirmisher
36:45 Double Crossbow
36:57 Elite Ballista Elephant
37:40 Bodkin Arrow
38:03 Leather Archer Armor
38:44 Conscription
38:44 Husbandry
38:55 Bloodlines
39:40 Bracer
41:30 Chemistry
40:52 Ballistics
40:38 Siege Engineers
41:10 Conscription
Freecss
11:56 Feudal Age
13:13 Wheelbarrow
12:25 Double-Bit Axe
12:25 Horse Collar
17:44 Gold Mining
17:47 Stone Mining
22:19 Forging
21:59 Fletching
24:47 Castle Age
23:09 Town Watch
24:13 Padded Archer Armor
25:45 Bow Saw
25:38 Heavy Plow
26:17 Stone Shaft Mining
25:45 Gambesons
26:07 Thumb Ring
26:00 Bodkin Arrow
27:47 Circumnavigation
29:24 Town Patrol
30:39 Hand Cart
31:55 Loom
32:40 Ballistics
35:26 Imperial Age
34:20 Iron Casting
34:25 Husbandry
34:37 Bloodlines
34:36 Pikeman
36:34 Conscription
36:49 Guilds
38:04 Bracer
39:05 Blast Furnace
39:26 Elite Organ Gun
40:17 Light Cavalry
41:47 Elite Skirmisher
SAFIRA
0:41 Loom
13:34 Feudal Age
16:26 Wheelbarrow
22:42 Double-Bit Axe
23:18 Horse Collar
29:02 Castle Age
29:23 Arson
28:58 Man-at-Arms
29:32 Gambesons
30:48 Stone Mining
31:04 Gold Mining
31:46 Bow Saw
32:23 Gold Shaft Mining
32:05 Gambesons
31:42 Man-at-Arms
42:35 Stone Shaft Mining
43:13 Forging
43:12 Pikeman
46:46 Hand Cart
48:37 Masonry
48:48 Ballistics
49:24 Town Watch
49:46 Scale Mail Armor
65:47 Iron Casting
65:13 Padded Archer Armor
65:06 Fletching
65:31 Chain Mail Armor
2824533090
11:30 Feudal Age
18:56 Castle Age
18:01 Horse Collar
18:13 Double-Bit Axe
18:22 Gold Mining
26:13 Stone Mining
27:40 Gold Shaft Mining
27:43 Stone Shaft Mining
29:05 Wheelbarrow
28:19 Town Watch
32:40 Imperial Age
32:32 Hand Cart
32:29 Bow Saw
32:24 Heavy Plow
33:07 Padded Archer Armor
32:58 Fletching
33:30 Capped Ram
35:05 Heavy Scorpion
39:33 Two-Man Saw
38:13 Cavalier
38:55 Husbandry
39:07 Bloodlines
38:23 Light Cavalry
38:57 Siege Ram
41:53 Conscription
42:18 Forging
42:09 Scale Mail Armor
42:15 Scale Barding Armor
42:08 Bodkin Arrow
42:28 Leather Archer Armor
43:44 Chemistry
43:09 Ballistics
51:33 Rocketry
51:18 Great Wall
53:08 Heavy Rocket Cart
Connection lost

Rejoining the realm…

Still unreachable

The connection could not be restored.

Session expired

The server has moved on; the page needs a fresh start.